 Dungeon Crawl Stone Soup version 0.29-a0-207-gf982a884d8 (webtiles) character file.

Game seed: 7025302605886256805

33591 mcwallace the Blocker (level 14, 0/111 HPs)
             Began as a Formicid Fighter on Feb 24, 2022.
             Was an Elder of Cheibriados.
             Slain by a sun demon (5 damage)
             ... in a volcano.
             The game lasted 00:46:12 (20289 turns).

mcwallace the Blocker (Formicid Fighter)           Turns: 20289, Time: 00:46:13

Health: 0/111      AC: 14    Str: 37    XL:     14   Next: 8%
Magic:  19/24      EV: 15    Int: 17    God:    Cheibriados [****..]
Gold:   920        SH: 13    Dex: 23    Spells: 26/26 levels left

rFire   + . .      SeeInvis +   R - +6 battleaxe (vamp) {axe}
rCold   + + .      Faith    .   m - +0 kite shield {rC+}
rNeg    . . .      Spirit   .   i - +0 chain mail {rF+}
rPois   +          Reflect  .   (helmet unavailable)
rElec   +          Harm     .   (no cloak)
rCorr   .          Rampage  .   b - +0 pair of gloves of Ucaxtuak {rElec rC+}
Will    +....                   T - +0 pair of boots
Stlth   ..........              (no amulet)
HPRegen 0.28/turn               B - ring of poison resistance
MPRegen 0.19/turn               y - +6 ring of strength

@: very slow
A: permanent stasis, dig shafts and tunnels, antennae 3, four strong arms
a: Dig, Renounce Religion, Bend Time, Temporal Distortion, Slouch


You were in a volcano.
You worshipped Cheibriados.
Cheibriados was greatly pleased with you.
You visited 3 branches of the dungeon, and saw 14 of its levels.
You also visited: Ossuary, Bailey, Ice Cave and Volcano.

You collected 980 gold pieces.
You spent 60 gold pieces at shops.


Innate Abilities, Weirdness & Mutations

You cannot be hasted, slowed, berserked, paralysed or teleported.
You can dig through walls and to a lower floor.
You have a pair of large antennae on your head. (SInv)
Your four strong arms can wield two-handed weapons with a shield.


   Skills:
 + Level 10.9 Fighting
 + Level 6.5(8.0) Maces & Flails
 - Level 7.0(8.2) Staves
 + Level 10.9 Armour
 + Level 8.5 Dodging
 - Level 11.0 Shields
 + Level 6.6 Spellcasting
 + Level 4.4 Transmutations
 + Level 4.0 Poison Magic
 + Level 7.9 Invocations


You had 26 spell levels left.
You didn't know any spells.
Your spell library contained the following spells:

 Spells                   Type           Power      Damage    Failure   Level
 Sting                    Tmut/Pois      80%        1d7       11%         1
 Passwall                 Tmut/Erth      10%        N/A       36%         2
 Poisonous Vapours        Pois/Air       24%        N/A       38%         2
 Magic Dart               Conj           20%        1d4       54%         1
 Slow                     Hex            20%        N/A       54%         1
 Call Imp                 Summ           5%         N/A       67%         2
 Ensorcelled Hibernation  Hex/Ice        10%        N/A       67%         2
 Searing Ray              Conj           10%        2d4       67%         2
 Mephitic Cloud           Conj/Pois/Air  10%        N/A       73%         3
 Olgreb's Toxic Radiance  Pois           19%        N/A       75%         4
 Confusing Touch          Hex            5%         N/A       88%         3
 Dazzling Flash           Conj/Hex       10%        N/A       88%         3
 Vampiric Draining        Necr           5%         2d6       88%         3
 Fulminant Prism          Conj/Hex       2%         3d6       99%         4
 Iskenderun's Mystic Bla  Conj/Tloc      5%         2d3       99%         4
 Manifold Assault         Tloc           5%         N/A       100%        5
 Starburst                Conj/Fire      2%         6d3       100%        6
 Ozocubu's Refrigeration  Ice            2%         4d5       100%        7
 Storm Form               Tmut/Air       6%         N/A       100%        7
 Ignition                 Fire           2%         3d3       100%        8
 Blink                    Tloc           Unusable   N/A       N/A         2
 Swiftness                Air            Unusable   N/A       N/A         3

Inventory:

Hand Weapons
 q - a +1 vampiric short sword {short}
   (You found it on level 2 of the Dungeon)
 t - the +5 dagger "Daubimi" {holy, Will++ Stlth+, short}
   (You found it on level 5 of the Dungeon)

   It has been blessed by the Shining One to cause great damage to the undead
   and demons.
   Will:      It greatly increases your willpower.
   Stlth:     It makes you more stealthy.
 H - the +10 mace "Testudine's Bane" {flame, *Slow rF+ rC+ Dex+10, mace}
   (You found it on level 3 of the Dungeon)

   It burns those it strikes, dealing additional fire damage.
   Dex:       It affects your dexterity (+10).
   rF:        It protects you from fire.
   rC:        It protects you from cold.
   *Slow:     It may slow you when you take damage.
 R - a +6 vampiric battleaxe (weapon) {axe}
   (You took it off a naga on level 2 of the Lair of Beasts)
Missiles
 d - 3 silver boomerangs {throwing}
 g - 405 stones {throwing}
 r - 14 poisoned darts (quivered) {throwing}
 L - 3 javelins {throwing}
Armour
 b - the +0 pair of gloves of Ucaxtuak (worn) {rElec rC+}
   (You found it on level 8 of the Dungeon)

   rC:        It protects you from cold.
   rElec:     It insulates you from electricity.
 c - a +0 troll leather armour
   (You found it on level 9 of the Dungeon)
 i - a +0 chain mail of fire resistance (worn)
   (You found it on level 1 of the Dungeon)
 m - a +0 kite shield of cold resistance (worn)
   (You found it in an ice cave)
 v - +0 steam dragon scales
   (You found it on level 9 of the Dungeon)
 J - a +1 plate armour of cold resistance
   (You found it in an ice cave)
 T - a +0 pair of boots (worn)
   (You found it on level 4 of the Dungeon)
 U - the +3 robe of Clouds {*Thunder rCloud rElec}
   (You found it in an ossuary)

   It occasionally creates storm clouds above nearby enemies.
   It grants its wearer immunity to clouds.
   rElec:     It insulates you from electricity.
Jewellery
 f - a ring of protection from cold
   (You took it off a reaper in an ice cave)
 p - a ring of magical power
   (You found it on level 2 of the Dungeon)
 y - a +6 ring of strength (right hand)
   (You took it off a centaur warrior on level 9 of the Dungeon)
 B - a ring of poison resistance (left hand)
   (You took it off a centaur warrior on level 9 of the Dungeon)
Wands
 a - a wand of polymorph (17)
   (You took it off a centaur on level 8 of the Dungeon)
 k - a wand of iceblast (17)
   (You found it on level 5 of the Dungeon)
 D - a wand of flame (29)
   (You found it on level 6 of the Dungeon)
 P - a wand of acid (5)
   (You found it on level 2 of the Lair of Beasts)
 Z - a wand of digging (7)
   (You took it off an orc on level 5 of the Dungeon)
Scrolls
 j - 2 scrolls of magic mapping {!r}
 n - 5 scrolls of holy word
 u - 2 scrolls of vulnerability {unknown}
 w - 2 scrolls of silence {!r}
 A - 4 scrolls of amnesia
 C - 3 scrolls of enchant armour {unknown}
 I - 2 scrolls of fog {unknown}
 K - 2 scrolls of acquirement {unknown}
 Q - a scroll of fear {unknown}
 X - a scroll of identify {@r1}
 Y - a scroll of blinking {!r}
Potions
 e - a potion of cancellation {unknown}
 h - 5 potions of haste {@q3}
 l - 4 potions of brilliance
 o - 2 potions of resistance {unknown}
 s - 3 potions of curing {@q1}
 x - a potion of berserk rage {unknown}
 E - 5 potions of lignification {unknown}
 F - 3 potions of flight {unknown}
 M - a potion of experience {unknown}
 N - 3 potions of haste {forbidden@q3}
 O - 2 potions of attraction {unknown}
 S - 3 potions of magic
 W - 2 potions of mutation {unknown}
Miscellaneous
 z - a box of beasts (inert)
   (You found it on level 9 of the Dungeon)
 V - a lightning rod (3/4)
   (You found it in an ossuary)

Dungeon Overview and Level Annotations

Branches:
Dungeon (10/15)            Temple (1/1) D:7            Lair (3/6) D:10
  Snake (0/4) Lair:2      Ossuary (visited)          Bailey (visited)
  IceCv (visited)         Volcano (1/1)
  Swamp: Lair:2-4    Shoals: Lair:2-4       Orc: D:9-12

Altars:
Ashenzari
Cheibriados
Dithmenos
Elyvilon
Fedhas
Gozag
Hepliaklqana
Kikubaaqudgha
Makhleb
Nemelex Xobeh
Okawaru
Qazlal
Ru
Sif Muna
Trog
Uskayaw
Vehumet
Wu Jian
Xom
Yredelemnul
Zin
The Shining One

Shops:
D:2 *   D:7 =   D:10 !

Annotations:
D:3 1 runed translucent door, Crazy Yiuf

##...## §§≈ # #..8..#
≈§≈§≈§§§≈≈§≈§ #.##..u..#
..§§≈§≈§≈≈≈≈≈§§ #$[8.....#
...≈§≈§≈≈≈§§≈≈§ #$.#..§..#
#...≈≈≈≈≈≈§≈≈≈≈ #$)##...##
#....§≈≈≈≈≈≈≈§≈ ##'####'##
###...≈§≈≈§≈≈≈§≈
##....#..p###8....§≈≈≈§≈≈§≈≈
#.._..'.∩u3@.......§≈§§≈≈≈..
##....#..u###8......≈≈§§≈...
#'#####'## ####..........##
#$[##..)## ####.......#
#$!#..⌠..# #########
#[)8.....# #.##.....# #
#..8..# ##...##


You could see 2 ugly things, a hell knight (fast) and a sun demon.


Message History

😱 HP[-30]
You take 30 damage, and now have 23/111 hp.
MASSIVE DAMAGE!! (PAUSE)
You step out of the flow of time.
The air gets thick with the scent of sulphur.
In the distance, the volcano erupts with a roar. x2
You return to the normal time flow.
You can no longer step out of the flow of time.
Cheibriados lowers the support of your attributes as your movement quickens.
The sun demon shouts!
The brown ugly thing gurgles horribly!
The red ugly thing gurgles horribly!
The molten gargoyle blasts magma at you!
The bolt of magma hits you!! You partially resist.
* * * LOW HITPOINT WARNING * * *
😱 HP[-19] MP[-10]
You take 19 damage, and now have 4/111 hp.
You lost 10 mp, and now have 13/23 mp.
You feel much better.
The red ugly thing barely misses you. 😱 HP[+21]
You regained 21 hp, and now have 25/111 hp.
You block the red ugly thing's attack.
There is an open door here.
The red ugly thing gores you but does no damage. 😱 HP[+1] MP[+1]
You feel much better.
You block the red ugly thing's attack. 😨 HP[+28]
You regained 28 hp, and now have 54/111 hp.
You slash the red ugly thing!
You feel better.
The red ugly thing misses you. 😮 HP[+12]
You regained 12 hp, and now have 66/111 hp.
You slash the red ugly thing! You block the red ugly thing's attack.
The hell knight gestures wildly while chanting.
The hell knight seems to speed up.
The red ugly thing closely misses you.
You slice the red ugly thing!!
You feel better.
The brown ugly thing basks in the mutagenic energy from its kin and changes!
The red ugly thing gores you!
You are engulfed in flames!
You resist. 😮 HP[-10] MP[+1]
You take 10 damage, and now have 56/111 hp.
You hit the red ugly thing but do no damage.
You block the red ugly thing's attack.
The red ugly thing gores you but does no damage. 😮 HP[+1]
You slice the red ugly thing!! The red ugly thing closely misses you.
The red ugly thing basks in the mutagenic energy from its kin and changes!
You slice the purple ugly thing!!
You feel better.
You kill the purple ugly thing!
Cheibriados appreciates the change of pace.
You block the molten gargoyle's attack.
Your Poison Magic skill increases to level 4! 😮 HP[+3]
You regained 3 hp, and now have 60/111 hp.
You hit the molten gargoyle but do no damage.
The molten gargoyle barely misses you.
The molten gargoyle closely misses you. 😮 MP[+1]
You hit the molten gargoyle but do no damage.
The molten gargoyle blasts magma at you!
The bolt of magma hits you! You partially resist.
* * * LOW HITPOINT WARNING * * *
😨 HP[-12]
You take 12 damage, and now have 48/111 hp.
You slice the molten gargoyle!!
You destroy the molten gargoyle!
Cheibriados thoroughly appreciates the change of pace.
You block the sun demon's attack.
You barely miss the sun demon. The sun demon barely misses you.
You block the sun demon's attack. 😨 HP[+1] MP[+1]
You slash the sun demon! The sun demon misses you.
You block the sun demon's attack.
You slash the sun demon! The sun demon closely misses you.
You block the sun demon's attack.
You slice the sun demon!! You block the sun demon's attack.
The sun demon closely misses you. 😨 HP[+1]
You hit the sun demon but do no damage. You block the sun demon's attack.
The sun demon closely misses you. 😨 MP[+1]
You hit the sun demon but do no damage.
You block the sun demon's attack. x2 😨 HP[+1]
You closely miss the sun demon. The sun demon hits you!
* * * LOW HITPOINT WARNING * * *
You are engulfed in flames.
You resist.
* * * LOW HITPOINT WARNING * * *
😨 HP[-20]
You take 20 damage, and now have 31/111 hp.
You hit the sun demon. The sun demon completely misses you.
The sun demon hits you!
* * * LOW HITPOINT WARNING * * *
You are engulfed in flames!
You resist.
* * * LOW HITPOINT WARNING * * *
😱 HP[-18] MP[+1]
You take 18 damage, and now have 13/111 hp.
Unknown command.
You feel better.
The air gets thick with the scent of sulphur.
You block the sun demon's attack. The sun demon hits you!
* * * LOW HITPOINT WARNING * * *
You are engulfed in flames.
You resist.
You die...

Skill      XL: |  1  2  3  4  5  6  7  8  9 10 11 12 13 14 |
---------------+-------------------------------------------+-----
Shields        | 4 5 6 7 9 10 11 | 11.0
Dodging        | 1 2 3 4 5 6 7 8 |  8.5
Fighting       | 4 5 6 7 8 9 10 | 10.9
Armour         | 4 5 6 7 8 9 10 | 10.9
Staves         | 3 4 5 6 7 |  7.0
Maces & Flails | 1 3 5 6 |  6.5
Spellcasting   | 1 3 5 6 |  6.6
Invocations    | 1 4 6 7 |  7.9
Transmutations | 4 |  4.4
Poison Magic   | 3 4 |  4.0

Action                   |  1- 3 |  4- 6 |  7- 9 | 10-12 | 13-15 || total
-------------------------+-------+-------+-------+-------+-------++-------
Melee: Quarterstaff      |    74 |    68 |       |       |       ||   142
       Mace              |       |    36 |   201 |   563 |   228 ||  1028
       Dagger            |       |       |       |     8 |       ||     8
       Battleaxe         |       |       |       |       |    78 ||    78
Throw: Dart              |       |     6 |       |     1 |       ||     7
Invok: Bend Time         |       |       |       |     2 |       ||     2
       Slouch            |       |       |       |       |     5 ||     5
       Step From Time    |       |       |       |       |     1 ||     1
Evoke: Wand              |       |       |       |    11 |     1 ||    12
       Lightning rod     |       |       |       |     2 |     2 ||     4
       Box of beasts     |       |       |       |     1 |     1 ||     2
  Use: Scroll            |       |       |     4 |     6 |     9 ||    19
       Potion            |       |       |     3 |     7 |     7 ||    17
 Stab: Invisible         |       |       |       |     6 |       ||     6
       Distracted        |       |       |       |       |     1 ||     1
Armor: Scale mail        |    16 |       |       |       |       ||    16
       Chain mail        |    16 |    35 |    83 |   194 |    82 ||   410
       Skin              |       |       |       |     5 |       ||     5
Dodge: Dodged            |    19 |    29 |    63 |   331 |   257 ||   699
Block: Buckler           |    14 |    13 |       |       |       ||    27
       Kite shield       |       |    16 |   132 |   587 |   307 ||  1042

Levels and vault maps discovered:
D:1:      dpeg_arrival_renting, layout_loops_ring, serial_forest,
          infiniplex_forest_lined_2, infiniplex_forest_lined_corner,
          infiniplex_forest_clump_cross, infiniplex_forest_zigzag_2,
          infiniplex_forest_end_3
D:2:      layout_loops_cross, serial_shops, nicolae_diamond_shop,
          shapermc_ecumenical_altar_hornbeckon, minivault_4,
          minmay_misc_feat_square
D:3:      layout_basic, nicolae_qazlal_scattered_showers,
          uniq_crazy_yiuf_cottage, uniq_terence
D:4:      layout_layer_cave
D:5:      layout_basic, nicolae_ossuary_entry_false_entrances,
          wad_floor_pattern_untrapped, minmay_chambers_of_fives
D:6:      layout_loops_cross, portal_sewer_entry_e, grunt_decor_cap
D:7:      layout_loops_ring, temple_pool_b, serial_shops,
          nicolae_shop_hallway_plus, serial_bayou_crossing, uniq_menkaure
D:8:      layout_basic
D:9:      minmay_the_grid_4x2 [minmay_the_grid_broken_lines,
          minmay_the_grid_large_cup, minmay_the_grid_minigrid_medium,
          minmay_the_grid_medium_cups, minmay_the_grid_diamond_grid,
          minmay_the_grid_minigrid_large, minmay_the_grid_rooms,
          minmay_the_grid_prize_inner_circle], layout_basic, enter_bailey_7
D:10:     layout_big_octagon, serial_gnoll_camp, gnoll_camp_huts_basic,
          grums_kennel, gnoll_camp_mini_shop, gnoll_camp_mini_house,
          gnoll_camp_mini_loothouse, uniq_erolcha
Temple:   mainiacjoe_temple_circle_huts
Lair:1:   layout_concentric_octagons, st_stairs_5, lemuel_fruit_tree, uniq_sonja
Lair:2:   layout_gridlike, minmay_snake_entry_guardpost_small,
          portal_ice_cave_entry_pillars_2, infiniplex_staircase_pool_2
Lair:3:   layout_regular_city, enter_volcano_1, lemuel_fruit_fields
Volcano:  volcano_grotto [vgs_many_chambers]

Notes
Turn   | Place    | Note
-------+----------+-------------------------------------------
     0 | D:1      | mcwallace the Formicid Fighter began the quest for the Orb.
     0 | D:1      | Reached XP level 1. HP: 18/18 MP: 1/1
     0 | D:1      | magus.rc [v1.9.6]
   169 | D:1      | Reached XP level 2. HP: 17/24 MP: 2/2
   887 | D:1      | Reached XP level 3. HP: 23/29 MP: 3/3
  1388 | D:2      | Reached skill level 4 in Shields
  1402 | D:2      | Found Ofub's Assorted Antiques.
  1447 | D:2      | Reached skill level 1 in Dodging
  1486 | D:2      | You add the spells Sting, Poisonous Vapours and Olgreb's
                  | Toxic Radiance to your library.
  1655 | D:2      | Reached XP level 4. HP: 23/37 MP: 4/4
  1833 | D:2      | Found a faded altar of an unknown god.
  2472 | D:3      | Noticed Terence
  2487 | D:3      | HP: 4/37 [Terence/+0 flail (8)]
  2488 | D:3      | Killed Terence
  2489 | D:3      | Reached skill level 4 in Fighting
  2489 | D:3      | Reached skill level 4 in Armour
  2489 | D:3      | Reached XP level 5. HP: 4/42 MP: 5/5
  2843 | D:3      | Found a runed translucent door.
  2844 | D:3      | Identified the +10 mace "Testudine's Bane" {flame, *Slow
                  | rF+ rC+ Dex+10}
  2844 | D:3      | Noticed Crazy Yiuf
  3016 | D:3      | Found a stormy altar of Qazlal.
  3488 | D:4      | Noticed a black bear
  3497 | D:4      | Killed a black bear
  3498 | D:4      | Reached skill level 3 in Staves
  3498 | D:4      | Reached skill level 2 in Dodging
  3498 | D:4      | Reached XP level 6. HP: 38/49 MP: 6/6
  3663 | D:4      | You pick up a book of Burglary and begin reading...
  3663 | D:4      | You add the spells Passwall and Ensorcelled Hibernation to
                  | your library.
  4065 | D:4      | Noticed an ogre
  4072 | D:4      | HP: 12/49 [ogre/+0 giant club (21)]
  4173 | D:4      | HP: 3/49 [ogre/+0 giant club (26)]
  4508 | D:4      | Killed an ogre
  4509 | D:4      | Reached skill level 5 in Shields
  4513 | D:4      | Reached XP level 7. HP: 45/55 MP: 7/7
  4519 | D:4      | magus.rc [v1.9.6]
  4871 | D:5      | Entered Level 5 of the Dungeon
  4904 | D:5      | Found a sand-covered staircase.
  4909 | Ossuary  | Entered an ossuary
  4909 | Ossuary  | Found the +3 robe of Clouds {*Thunder rCloud rElec}
  4960 | Ossuary  | Reached skill level 5 in Fighting
  4980 | Ossuary  | Reached skill level 5 in Armour
  5003 | Ossuary  | Reached skill level 4 in Staves
  5003 | Ossuary  | Reached skill level 3 in Dodging
  5040 | Ossuary  | Reached XP level 8. HP: 46/62 MP: 8/8
  5470 | D:5      | Reached skill level 6 in Shields
  5597 | D:5      | You fall into a shaft and drop 3 floors!
  5597 | D:8      | Noticed a vampire
  5616 | D:8      | Reached skill level 6 in Fighting
  5624 | D:8      | Reached skill level 6 in Armour
  5624 | D:8      | Reached skill level 4 in Dodging
  5627 | D:8      | Killed a vampire
  5628 | D:8      | Reached skill level 5 in Staves
  5628 | D:8      | Reached XP level 9. HP: 20/69 MP: 9/9
  5949 | D:8      | Reached skill level 7 in Shields
  6128 | D:6      | HP: 8/71 [yak (13)]
  6131 | D:6      | Reached skill level 7 in Fighting
  6454 | D:6      | Reached skill level 7 in Armour
  6454 | D:6      | Reached skill level 5 in Dodging
  6488 | D:6      | Reached skill level 6 in Staves
  6522 | D:6      | Reached XP level 10. HP: 42/78 MP: 10/10
  6735 | D:6      | Reached skill level 8 in Shields
  7330 | D:5      | Identified the +5 dagger "Daubimi" {holy, Will++ Stlth+}
  7804 | D:7      | Found a staircase to the Ecumenical Temple.
  7821 | D:7      | Noticed Menkaure
  7824 | D:7      | Killed Menkaure
  7834 | Temple   | Entered the Ecumenical Temple
  8176 | Temple   | Became a worshipper of Cheibriados the Contemplative
  8423 | D:7      | Found Mass's Jewellery Emporium.
  8740 | D:8      | Reached skill level 8 in Armour
  8744 | D:8      | Reached skill level 8 in Fighting
  9074 | D:8      | HP: 20/80 [orc warrior/+0 trident (11)]
  9079 | D:8      | Reached skill level 7 in Staves
  9079 | D:8      | Reached skill level 6 in Dodging
  9344 | D:8      | Identified the +0 pair of gloves of Ucaxtuak {rElec rC+}
  9361 | D:8      | You pick up a book of Minor Magic and begin reading...
  9361 | D:8      | You add the spells Magic Dart, Call Imp and Mephitic Cloud
                  | to your library.
  9572 | D:9      | Noticed a two-headed ogre
  9578 | D:9      | Killed a two-headed ogre
  9579 | D:9      | Reached skill level 1 in Maces & Flails
  9579 | D:9      | Reached skill level 9 in Shields
  9579 | D:9      | Reached skill level 1 in Spellcasting
  9579 | D:9      | Reached skill level 1 in Invocations
  9600 | D:9      | Found a flagged portal.
  9607 | D:9      | Reached * piety under Cheibriados
  9658 | Bailey   | Entered a bailey
  9783 | Bailey   | Reached XP level 11. HP: 30/87 MP: 12/12
 10265 | Bailey   | Reached skill level 2 in Invocations
 10554 | Bailey   | You pick up a book of Debilitation and begin reading...
 10554 | Bailey   | You add the spells Slow, Vampiric Draining and Confusing
                  | Touch to your library.
 10555 | Bailey   | Noticed an orc knight
 10565 | Bailey   | Killed an orc knight
 10566 | Bailey   | Reached skill level 2 in Maces & Flails
 10566 | Bailey   | Reached skill level 2 in Spellcasting
 10929 | D:9      | Reached ** piety under Cheibriados
 10930 | D:9      | Reached skill level 3 in Invocations
 11406 | D:9      | Noticed a two-headed ogre
 11407 | D:9      | Noticed a two-headed ogre
 11418 | D:9      | Killed a two-headed ogre
 11419 | D:9      | Reached skill level 3 in Spellcasting
 11421 | D:9      | Reached skill level 3 in Maces & Flails
 11424 | D:9      | Killed a two-headed ogre
 11425 | D:9      | Reached skill level 9 in Fighting
 11425 | D:9      | Reached skill level 9 in Armour
 11427 | D:9      | Reached skill level 4 in Invocations
 11435 | D:9      | HP: 20/89 [yak (12)]
 11765 | D:9      | You add the spells Ozocubu's Refrigeration and Ignition to
                  | your library.
 11793 | D:9      | Noticed a two-headed ogre
 11804 | D:9      | HP: 15/89 [two-headed ogre/+0 giant club (17)]
 11805 | D:9      | HP: 7/89 [two-headed ogre/+0 giant club (16)]
 11815 | D:9      | HP: 13/89 [two-headed ogre/+0 giant club (2)]
 11819 | D:9      | HP: 3/89 [two-headed ogre/+0 giant club (17)]
 11821 | D:9      | Killed a two-headed ogre
 11822 | D:9      | Reached skill level 10 in Shields
 11822 | D:9      | HP: 1/89 [orc priest/nerve-wracking pain (3)]
 12230 | D:9      | Reached XP level 12. HP: 88/95 MP: 17/17
 12287 | D:9      | Reached *** piety under Cheibriados
 12288 | D:9      | Reached skill level 7 in Dodging
 12302 | D:9      | Noticed a two-headed ogre
 12312 | D:9      | Killed a two-headed ogre
 12466 | D:9      | Reached skill level 4 in Spellcasting
 12468 | D:9      | Noticed a six-headed hydra
 12476 | D:9      | Killed a six-headed hydra
 12477 | D:9      | Reached skill level 4 in Maces & Flails
 12509 | D:9      | Noticed a two-headed ogre
 12518 | D:9      | HP: 23/96 [two-headed ogre/+0 giant spiked club (28)]
 12523 | D:9      | Killed a two-headed ogre
 12524 | D:9      | Reached skill level 5 in Invocations
 12801 | D:9      | Noticed a centaur warrior
 12806 | D:9      | Killed a centaur warrior
 12900 | D:9      | Noticed a centaur warrior
 12911 | D:9      | Killed a centaur warrior
 13569 | D:10     | Entered Level 10 of the Dungeon
 13569 | D:10     | Found Tuej's Distillery.
 13581 | D:10     | Bought a potion of heal wounds for 60 gold pieces
 13853 | D:10     | Noticed Erolcha
 14025 | D:10     | Killed Erolcha
 14091 | D:9      | Reached skill level 5 in Spellcasting
 14188 | D:9      | Reached **** piety under Cheibriados
 14243 | D:10     | Reached skill level 6 in Invocations
 14313 | D:10     | Reached skill level 10 in Fighting
 14313 | D:10     | Reached skill level 5 in Maces & Flails
 14506 | D:10     | Reached ***** piety under Cheibriados
 14507 | D:10     | Reached skill level 10 in Armour
 14661 | D:10     | Noticed Grum
 14668 | D:10     | Killed Grum
 14807 | D:10     | Found a staircase to the Lair.
 14913 | D:10     | You pick up a book of Conjurations {@e2} and begin
                  | reading...
 14913 | D:10     | You add the spells Searing Ray and Fulminant Prism to your
                  | library.
 14979 | Lair:1   | Entered Level 1 of the Lair of Beasts
 14991 | Lair:1   | Reached XP level 13. HP: 58/103 MP: 20/20
 15322 | Lair:1   | Reached skill level 11 in Shields
 15322 | Lair:1   | Reached skill level 1 in Transmutations
 15754 | Lair:1   | Noticed Sonja
 15757 | Lair:1   | Killed Sonja
 16082 | Lair:1   | Noticed a four-headed hydra
 16093 | Lair:1   | Killed a four-headed hydra
 16094 | Lair:1   | Reached skill level 2 in Transmutations
 16538 | Lair:1   | HP: 22/103 [basilisk (9)]
 16543 | Lair:1   | HP: 24/103 [poisoned by a black mamba]
 16548 | Lair:1   | HP: 14/103 [poisoned by a black mamba]
 16549 | Lair:1   | Reached skill level 8 in Dodging
 17199 | Lair:2   | You pick up a book of Spectacle and begin reading...
 17199 | Lair:2   | You add the spells Dazzling Flash, Iskenderun's Mystic
                  | Blast and Starburst to your library.
 17214 | Lair:2   | Found a frozen archway.
 17224 | IceCv    | Entered an ice cave
 17246 | IceCv    | Reached skill level 1 in Poison Magic
 17419 | IceCv    | HP: 25/104 [ice statue] (8)]
 17431 | IceCv    | HP: 26/104 [ice beast[an ice statue] (3)]
 17739 | IceCv    | Reached skill level 7 in Invocations
 18125 | IceCv    | Reached skill level 3 in Transmutations
 18137 | IceCv    | Reached skill level 2 in Poison Magic
 18185 | IceCv    | Reached skill level 6 in Spellcasting
 18337 | IceCv    | Noticed a reaper
 18352 | IceCv    | Reached skill level 6 in Maces & Flails
 18374 | IceCv    | HP: 20/104 [reaper/+1 scythe of freezing (30)]
 18376 | IceCv    | Killed a reaper
 18733 | IceCv    | Q - a +2 double sword of freezing {longrare=g}
 18808 | IceCv    | HP: 26/104 [something (4)]
 18810 | IceCv    | HP: 12/104 [something (9)]
 19288 | Lair:2   | Reached skill level 3 in Poison Magic
 19294 | Lair:2   | Reached skill level 4 in Transmutations
 19420 | Lair:2   | Found a staircase to the Snake Pit.
 19697 | Lair:2   | You add the spells Manifold Assault and Storm Form to your
                  | library.
 19918 | Lair:2   | You fall into a shaft and drop 1 floor!
 20080 | Lair:3   | You drop a +2 double sword of freezing {longrare=g}.
 20108 | Lair:3   | Found a dark tunnel.
 20117 | Volcano  | Entered a volcano
 20139 | Volcano  | Reached XP level 14. HP: 111/111 MP: 23/23
 20258 | Volcano  | Found a radiant altar of Vehumet.
 20266 | Volcano  | HP: 23/111 [acid (5)]
 20267 | Volcano  | HP: 4/111 [molten gargoyle/bolt of magma (20)]
 20278 | Volcano  | Reached skill level 4 in Poison Magic
 20288 | Volcano  | HP: 22/111 [sun demon (10)]
 20289 | Volcano  | HP: 5/111 [sun demon (13)]
 20289 | Volcano  | Slain by a sun demon

Vanquished Creatures
  Erolcha (D:10)
  2 hydras
  6 two-headed ogres (D:9)
  2 centaur warriors (D:9)
  Sonja (Lair:1)
  3 ugly things
  An orc knight (Bailey)
  4 elephants (Lair:2)
  2 ice statues (IceCv)
  A molten gargoyle (Volcano)
  3 black mambas (Lair:1)
  6 cane toads
  A kobold demonologist (D:9)
  A freezing wraith (IceCv)
  An entropy weaver simulacrum (IceCv)
  A komodo dragon (Lair:1)
  An anaconda simulacrum (IceCv)
  A red devil (Volcano)
  7 ice devils (IceCv)
  3 trolls
  A polar bear (Lair:1)
  4 blink frogs (Lair:3)
  A slime creature (D:9)
  A shadow (D:9)
  4 vampires
  2 wyverns
  22 yaks
  A wyvern (shapeshifter) (D:9)
  Grum (D:10)
  5 fire bats (Volcano)
  2 basilisks
  3 steam dragons
  Menkaure (D:7)
  3 nagas (Lair:2)
  2 acid dragons (D:9)
  4 water moccasins
  A hell hound (Volcano)
  11 orc warriors
  An ice beast (D:5)
  2 sky beasts
  2 black bears
  A necrophage (D:7)
  A hornet zombie (D:9)
  An ogre (D:4)
  2 wolves (D:10)
  7 centaurs
  A phantom (D:5)
  A kobold brigand (D:9)
  4 bullfrogs
  4 gnoll sergeants
  3 scorpions
  2 wyvern zombies (D:9)
  6 water moccasin zombies
  2 two-headed ogre simulacra (IceCv)
  3 cane toad simulacra (IceCv)
  12 killer bees
  An elephant simulacrum (IceCv)
  9 wights
  An electric eel (Lair:2)
  6 howler monkeys
  6 lava snakes (Volcano)
  5 centaur zombies
  4 orc priests
  9 hounds (D:10)
  4 gnoll shamans
  A scorpion zombie (D:5)
  2 iguanas
  Terence (D:3)
  11 orc wizards
  A polar bear simulacrum (IceCv)
  2 troll simulacra (IceCv)
  A spriggan simulacrum (IceCv)
  A wolf simulacrum (IceCv)
  2 mummies (Ossuary)
  4 howler monkey zombies
  31 gnolls
  2 howler monkey skeletons
  11 adders
  4 naga simulacra (IceCv)
  2 white imps (IceCv)
  A howler monkey simulacrum (D:9)
  An ufetubus (IceCv)
  An adder skeleton (D:5)
  5 adder zombies (Ossuary)
  2 worms
  3 dart slugs
  37 orcs
  3 bats
  10 endoplasms
  5 giant cockroaches
  8 goblins
  8 hobgoblins
  8 jackals
  4 quokkas
  2 ball pythons
  A frilled lizard (D:1)
  A gnoll zombie (Ossuary)
  3 kobolds
  6 kobold zombies (Ossuary)
  3 orc zombies (Ossuary)
  3 rats
408 creatures vanquished.

Vanquished Creatures (collateral kills)
  A reaper (IceCv)
  A troll simulacrum (IceCv)
  A white imp (IceCv)
3 creatures vanquished.

Vanquished Creatures (others)
  A centaur (D:9)
  6 fungi
  15 plants
22 creatures vanquished.

Grand Total: 433 creatures vanquished

Table legend:
 A = Non-vault XP
 B = Vault XP
 C = Vault XP percentage of total XP
 D = Non-vault monster count
 E = Vault monster count
 F = Vault count percentage of total count
                 A         B        C        D         E       F
            +---------+---------+-------+---------+---------+-------
      Total |   19882 |   28106 |  58.6 |     223 |     188 |  45.7
            +---------+---------+-------+---------+---------+-------
        D:1 |      33 |       0 |   0.0 |      16 |       0 |   0.0
        D:2 |      67 |       0 |   0.0 |      17 |       0 |   0.0
        D:3 |      40 |      36 |  47.4 |      13 |       1 |   7.1
        D:4 |     377 |       0 |   0.0 |      22 |       0 |   0.0
        D:5 |     678 |     215 |  24.1 |      21 |       5 |  19.2
        D:6 |    2019 |       0 |   0.0 |      28 |       0 |   0.0
        D:7 |    1181 |     172 |  12.7 |      13 |       1 |   7.1
        D:8 |    1340 |       0 |   0.0 |      21 |       0 |   0.0
        D:9 |    2313 |   12138 |  84.0 |      22 |      46 |  67.6
       D:10 |    1340 |    2135 |  61.4 |      13 |      35 |  72.9
     Lair:1 |    3843 |    1843 |  32.4 |      10 |       3 |  23.1
     Lair:2 |    5278 |     489 |   8.5 |      21 |       3 |  12.5
     Lair:3 |    1373 |       0 |   0.0 |       6 |       0 |   0.0
    Ossuary |       0 |     462 | 100.0 |       0 |      22 | 100.0
     Bailey |       0 |    1775 | 100.0 |       0 |      24 | 100.0
      IceCv |       0 |    6098 | 100.0 |       0 |      33 | 100.0
    Volcano |       0 |    2743 | 100.0 |       0 |      15 | 100.0
            +---------+---------+-------+---------+---------+-------

Illustrated notes

Table legend:
 A = Kills in this place as a percentage of kills in entire the game.
 B = Kills by you in this place as a percentage of kills by you in the entire game.
 C = Kills by friends in this place as a percentage of kills by friends in the entire game.
 D = Other kills in this place as a percentage of other kills in the entire game.
 E = Experience gained in this place as a percentage of experience gained in the entire game.
 F = Experience gained in this place divided by the number of levels of this place that you have seen.
                   A       B       C       D       E      F
               +-------+-------+-------+-------+-------+----------------------
         Total | 100.0 | 100.0 | 100.0 |   N/A | 100.0 | 2666.0
       Dungeon |  66.7 |  67.2 |   0.0 |   N/A |  50.2 | 2408.4
          Lair |  10.5 |  10.5 |   0.0 |   N/A |  26.7 | 4275.3
       Ossuary |   5.4 |   5.4 |   0.0 |   N/A |   1.0 | 462.0
        Bailey |   5.8 |   5.9 |   0.0 |   N/A |   3.7 | 1775.0
      Ice Cave |   8.0 |   7.4 | 100.0 |   N/A |  12.7 | 6098.0
       Volcano |   3.6 |   3.7 |   0.0 |   N/A |   5.7 | 2743.0
               +-------+-------+-------+-------+-------+----------------------

Table legend: (Time is in decaauts)
 A = Elapsed time spent in this place.
 B = Non-inter-level travel time spent in this place.
 C = Inter-level travel time spent in this place.
 D = Time resting spent in this place.
 E = Time spent auto-exploring this place.
 F = Levels seen in this place.
 G = Mean time per level.
                   A        B        C        D        E       F      G
               +--------+--------+--------+--------+--------+-----+--------+
         Total |  23709 |  22806 |    903 |   5277 |  12178 |  18 | 1317.2 |
       Dungeon |  14782 |  14117 |    665 |   2614 |   8461 |  10 | 1478.2 |
        Temple |    374 |    182 |    192 |      0 |    158 |   1 |  374.0 |
          Lair |   4504 |   4459 |     45 |    575 |   3201 |   3 | 1501.3 |
       Ossuary |    231 |    231 |      0 |     36 |      0 |   1 |  231.0 |
        Bailey |   1242 |   1242 |      0 |    515 |    293 |   1 | 1242.0 |
      Ice Cave |   2291 |   2291 |      0 |   1537 |     63 |   1 | 2291.0 |
       Volcano |    282 |    282 |      0 |      0 |      0 |   1 |  282.0 |
               +--------+--------+--------+--------+--------+-----+--------+

Top non-repeatable levels by time:
     D:9: 3906 daAuts
  Lair:1: 3008 daAuts
   IceCv: 2291 daAuts
    D:10: 1450 daAuts
     D:8: 1381 daAuts
     D:6: 1343 daAuts
     D:3: 1314 daAuts
     D:4: 1295 daAuts
  Bailey: 1242 daAuts
     D:2: 1228 daAuts
  Lair:2: 1159 daAuts
     D:1: 1090 daAuts
     D:5: 941 daAuts
     D:7: 830 daAuts
  Temple: 374 daAuts
